 Dungeon Crawl Stone Soup version 0.25.0-45-g978344163c (webtiles) character file.

Game seed: 407286933505825931

84 Ethylacetat the Ruffian (level 4, 0/39 HPs)
             Began as a Naga Transmuter on July 11, 2020.
             Was an Initiate of Sif Muna.
             Slain by a ball python (1 damage)
             ... in a sewer.
             The game lasted 00:05:26 (2977 turns).

Ethylacetat the Ruffian (Naga Transmuter)           Turns: 2977, Time: 00:05:27

Health: 0/39       AC: -1    Str: 13    XL:     4   Next: 45%
Magic:  7/8        EV: 10    Int: 14    God:    Sif Muna [......]
Gold:   89         SH:  0    Dex: 11    Spells: 7/8 levels left

rFire    . . .     SeeInvis +     - Unarmed
rCold    . . .     Gourm    .   (no shield)
rNeg     . . .     Faith    .   b - +0 robe
rPois    +         Spirit   .   (no helmet)
rElec    .         Reflect  .   (no cloak)
rCorr    .         Harm     .   (no gloves)
MR       .....                  (no barding)
Stlth    +.........             (no amulet)
HPRegen  0.13/turn              c - -4 ring of protection (curse)
MPRegen  0.11/turn              (no ring)

@: short of breath, very slow
A: large, see invisible, deformed body, poison resistance, slowness 2, slow
metabolism 1, spit poison 1, AC +1
a: Spit Poison, Renounce Religion


You were in a sewer.
You worshipped Sif Muna.
Sif Muna was noncommittal.
You were very hungry.

You visited 1 branch of the dungeon, and saw 3 of its levels.
You also visited: Sewer.

You collected 89 gold pieces.

Inventory:

Missiles
 a - 50 arrows
 h - a throwing net (quivered)
Armour
 b - a +0 robe (worn)
Jewellery
 c - a cursed -4 ring of protection (left hand)
Scrolls
 e - 5 scrolls of identify {unknown}
 f - a scroll of blinking {unknown}
 k - a scroll of enchant weapon {unknown}
 l - a scroll of fog {unknown}
Potions
 g - a potion of brilliance {unknown}
 i - a potion of heal wounds {unknown}
 j - a potion of curing {unknown}
Comestibles
 d - 4 rations
 m - 6 chunks of flesh


   Skills:
 + Level 2.2 Fighting
 - Level 1.5 Dodging
 + Level 3.6 Unarmed Combat
 + Level 2.7 Spellcasting
 + Level 2.7 Transmutations


You had 7 spell levels left.
You knew the following spells:

 Your Spells              Type           Power        Failure   Level  Hunger
a - Beastly Appendage     Tmut           #.....       7%          1    #......

Your spell library contained the following spells:

 Spells                   Type           Power        Failure   Level  Hunger
 Sticks to Snakes         Tmut           #.......     11%         2    ###....
 Spider Form              Tmut/Pois      #.........   36%         3    ###....
 Ice Form                 Ice/Tmut       #.......     77%         4    #####..
 Blade Hands              Tmut           #.........   89%         5    ######.


Dungeon Overview and Level Annotations

Branches:
Dungeon (3/15)              Sewer (1/1)

Altars:
Hepliaklqana
Nemelex Xobeh
Sif Muna


Innate Abilities, Weirdness & Mutations

You cannot wear boots.
Your serpentine skin is tough. (AC +1)
You have supernaturally acute eyesight. (SInv)
Armour fits poorly on your strangely shaped body.
Your system is resistant to poisons. (rPois)
You cover ground very slowly.
You have a slow metabolism.
You can spit poison.


Message History

* * * LOW HITPOINT WARNING * * *
You hit the adder.
You kill the adder!
Sif Muna accepts your kill. The ball python barely misses you.
Unknown command.
Unknown command.
Unknown command.
Unknown command.
Unknown command.
Unknown command.
Unknown command.
Press: ? - help, Shift-Dir - straight line, f - giant cockroach
Aim: a giant cockroach The splash of poison hits the giant cockroach!
The giant cockroach is poisoned.
You kill the giant cockroach!
Sif Muna accepts your kill.
You feel slightly more hungry. The ball python bites you.
You die...

#### ####≈≈∩#
########≈†..≈#
≈≈.s.≈†@.∩.###
.≈.≈≈lS#####
#######


You could see a leopard gecko, a giant cockroach and a ball python.

Vanquished Creatures
  An adder (Sewer)
  2 oozes (D:1)
  A worm (D:2)
  8 leopard geckos
  4 bats
  6 giant cockroaches
  3 goblins
  8 hobgoblins
  4 jackals (D:2)
  A ball python (Sewer)
  5 frilled lizards
  4 kobolds
  4 rats
51 creatures vanquished.

Notes
Turn   | Place    | Note
-------+----------+-------------------------------------------
     0 | D:1      | Ethylacetat the Naga Transmuter began the quest for the
                  | Orb.
     0 | D:1      | Reached XP level 1. HP: 18/18 MP: 3/3
    36 | D:1      | Reached XP level 2. HP: 13/25 MP: 5/5
   824 | D:1      | Reached XP level 3. HP: 22/31 MP: 6/6
  2363 | D:2      | Found a faded altar of an unknown god.
  2711 | D:2      | Reached XP level 4. HP: 35/39 MP: 7/7
  2760 | D:2      | Found a shimmering blue altar of Sif Muna.
  2766 | D:2      | Became a worshipper of Sif Muna the Loreminder
  2799 | D:2      | Found a sparkling altar of Nemelex Xobeh.
  2799 | D:2      | Found a hazy altar of Hepliaklqana.
  2937 | D:3      | Found a glowing drain.
  2963 | Sewer    | Entered a sewer
  2975 | Sewer    | HP: 1/39 [adder (2)]
  2977 | Sewer    | Slain by a ball python

Illustrated notes

Levels and vault maps discovered:
D:1:      dpeg_arrival_lava_temple_mockup, layout_basic
D:2:      layout_loops_cross, gammafunk_temple_overflow_wave,
          chequers_ecumenical_altar_grove, led_sif_pool
D:3:      cheibrodos_greedy_goblins, layout_rooms, gup_sewer_entry_pipe,
          elyvilon_altar_3
Sewer:    sewer_frog_island_02

Skill      XL: |  1  2  3 |
---------------+----------+-----
Fighting       | 2 |  2.2
Dodging        | |  1.5
Unarmed Combat | |  3.6
Spellcasting   | |  2.7
Transmutations | |  2.7

Action                   |  1- 3 |  4- 6 || total
-------------------------+-------+-------++-------
Melee: Unarmed           |   105 |    32 ||   137
 Abil: Spit Poison       |    36 |    10 ||    46
  Eat: Chunk             |     6 |       ||     6
Dodge: Dodged            |    60 |    27 ||    87
